 Dungeon Crawl Stone Soup version 0.21-a0-440-g28109cb (webtiles) character file.

537 theanonym the Grappler (level 7, -1/60 HPs)
             Began as a Ghoul Monk on Nov 10, 2017.
             Was a Believer of Makhleb.
             Slain by an orc
             ... wielding a +0 morningstar
              (9 damage)
             ... on level 5 of the Dungeon.
             The game lasted 00:04:48 (3100 turns).

theanonym the Grappler (Ghoul Monk)                 Turns: 3100, Time: 00:04:48

Health: -1/60      AC:  6    Str: 17      XL:     7   Next: 25%
Magic:  6/6        EV: 10    Int:  4 (5)  God:    Makhleb [**....]
Gold:   232        SH:  5    Dex: 10 (11) Spells: 6/6 levels left

rFire    . . .     SeeInvis .     - Unarmed
rCold    + . .     Gourm    .   (no shield)
rNeg     + + +     Faith    .   l - +0 scale mail
rPois    ∞         Spirit   .   (no helmet)
rElec    .         Reflect  +   (no cloak)
rCorr    .         Harm     .   (no gloves)
MR       +....                  (no boots)
Stlth    ..........             d - +5 amulet of reflection
HPRegen  0.00/turn              o - ring of protection from magic {MR+}
MPRegen  0.10/turn              (no ring)

@: about to teleport, rotting
A: rotting body, claws 1, carnivore 3, cold resistance 1, negative energy
resistance 3, inhibited regeneration, torment resistance, unbreathing
a: Minor Destruction, Renounce Religion


Innate Abilities, Weirdness & Mutations

Your body is rotting away.
You thrive on raw meat.
You are immune to poison.
You have sharp fingernails.
You are carnivorous and can eat meat at any time.
Your flesh is cold resistant. (rC+)
You are immune to negative energy. (rN+++)
You do not regenerate when monsters are visible.
You are immune to unholy pain and torment.
You can survive without breathing.


   Skills:
 + Level 4.8 Fighting
 - Level 2.6 Dodging
 - Level 2.1 Stealth
 * Level 8.1 Unarmed Combat


You had 6 spell levels left.
You didn't know any spells.

Skill      XL: |  1  2  3  4  5  6  7 |
---------------+----------------------+-----
Unarmed Combat | 4 5 6 7 8 |  8.1
Fighting       | 4 |  4.8
Dodging        | |  2.6
Stealth        | |  2.1

Action                   |  1- 3 |  4- 6 |  7- 9 || total
-------------------------+-------+-------+-------++-------
Melee: Unarmed           |    81 |   148 |    25 ||   254
  Use: Scroll            |       |     5 |     2 ||     7
       Potion            |       |       |     2 ||     2
 Stab: Sleeping          |     2 |       |       ||     2
  Eat: Chunk             |     7 |    14 |     3 ||    24
Armor: Scale mail        |    19 |    58 |     6 ||    83
Dodge: Dodged            |    41 |    57 |    21 ||   119
Block: Other             |    13 |    28 |     2 ||    43

Inventory:

Armour
 a - a +0 robe
 i - a +0 pair of boots
   (You found it on level 4 of the Dungeon)
 l - a +0 scale mail (worn)
   (You found it on level 1 of the Dungeon)
 v - a +2 cloak of poison resistance
   (You took it off Crazy Yiuf on level 4 of the Dungeon)
Jewellery
 d - a +5 amulet of reflection (around neck)
   (You found it on level 1 of the Dungeon)
 o - a ring of protection from magic (left claw) {MR+}
   (You found it on level 2 of the Dungeon)
Wands
 f - a wand of disintegration (18/24)
   (You found it on level 3 of the Dungeon)
 m - a wand of lightning (5/15)
   (You found it on level 3 of the Dungeon)
Scrolls
 e - a scroll of recharging
 j - a scroll of magic mapping {unknown}
 r - 7 scrolls of identify
 t - 3 scrolls of teleportation {!r}
 u - a scroll of enchant weapon {unknown}
Potions
 c - a potion of might {unknown}
 g - a potion of mutation
 h - a potion of curing
 k - a potion of degeneration {unknown}
 n - a potion of ambrosia {unknown}
 p - a potion of brilliance {unknown}
 q - a potion of heal wounds {unknown}
Comestibles
 b - 3 meat rations
 s - a chunk of flesh

Dungeon Overview and Level Annotations

Branches:
Dungeon (5/15)
 Temple: D:4-7

Altars:
Elyvilon
Hepliaklqana
Makhleb
Uskayaw

Annotations:
D:5 Autsider's ghost, amateur GrEE; Duvessa; Eustachio


You were on level 5 of the Dungeon.
You worshipped Makhleb.
Makhleb was pleased with you.
You were not hungry.

You visited 1 branch of the dungeon, and saw 5 of its levels.

You collected 232 gold pieces.


Message History

The orc closely misses you. Dowan gestures at you while chanting.
You resist with almost no effort.
You scratch the orc. The orc barely misses you.
You closely miss the orc. You completely miss the orc.
Your claw misses the orc. The orc closely misses you.
You barely miss the orc.
Dowan points at you and mumbles some strange words.
You resist with almost no effort. The orc closely misses you.
You claw the orc!
You kill the orc!
Makhleb accepts your kill.
You claw the orc!
You kill the orc!
Makhleb accepts your kill.
Duvessa, Sister of Dowan comes into view.
She is wielding a short sword.
Duvessa shouts!
You hear a shout!
Dowan closely misses you.
Found a buckler.
An orc wizard comes into view. It is wielding a dagger.
You claw Dowan! Dowan gestures at you while chanting.
The puff of flame hits you!
An adder comes into view.
You take 7 damage, and have 53/60 hp.
The adder hisses angrily.
You claw Dowan! You claw Dowan!
You kill Dowan!
Makhleb accepts your kill.
Duvessa screams, "No!
How DARE you!"
Duvessa goes berserk!
Duvessa hits you with a short sword!
You hear a shout!
Eustachio the Magnificent comes into view.
He is wielding a rapier.
Eustachio shouts!
An orc comes into view. It is wielding a morningstar.
The orc shouts!
Things that are here:
a dagger; a robe; a ruby potion You take 9 damage, and have 44/60 hp.
You scratch Duvessa but do no damage. Duvessa hits you with a short sword.
You take 4 damage, and have 40/60 hp.
You are too injured to fight recklessly!
You are too injured to fight recklessly!
You claw Duvessa! Duvessa hits you with a short sword.
The adder completely misses you.
A gnoll comes into view.
You take 6 damage, and have 34/60 hp.
You barely miss Duvessa. Duvessa hits you with a short sword!
* * * LOW HITPOINT WARNING * * *
The orc wizard points at you and mumbles some strange words.
You resist with almost no effort. The adder bites you but does no damage.
You take 7 damage, and have 27/60 hp.
You barely miss Duvessa. You block Duvessa's attack. The adder bites you.
* * * LOW HITPOINT WARNING * * *
Duvessa hits you with a short sword.
* * * LOW HITPOINT WARNING * * *
You take 7 damage, and have 20/60 hp.
It was a potion of curing.
You feel better. The adder bites you but does no damage.
Duvessa barely misses you.
The orc wizard hits you but does no damage.
A hound comes into view.
You regained 9 hp, and now have 29/60 hp.
The hound barks!
The adder closely misses you. Duvessa hits you with a short sword!
* * * LOW HITPOINT WARNING * * *
You hear a shout!
You take 11 damage, and have 18/60 hp.
Really read
t - 4 scrolls of teleportation {!r}?
As you read the scroll of teleportation {!r}, it crumbles to dust.
You feel strangely unstable. Duvessa hits you with a short sword.
* * * LOW HITPOINT WARNING * * *
The orc wizard barely misses you. The adder bites you.
* * * LOW HITPOINT WARNING * * *
A gnoll sergeant comes into view. It is wielding a trident of flaming.
You take 5 damage, and have 13/60 hp.
It was a potion of mutation.
You feel extremely strange.
Your body decomposes!
You feel dopey.
Your body decomposes!
You feel clumsy. Duvessa hits you but does no damage. The adder bites you.
* * * LOW HITPOINT WARNING * * *
Eustachio casts a spell.
Eustachio blinks!
The orc wizard hits you with a dagger.
* * * LOW HITPOINT WARNING * * *
Duvessa closely misses you.
You take 4 damage, and have 9/60 hp.
As you read the scroll labeled MAZARINUM, it crumbles to dust.
It is a scroll of recharging.
Charge which item? (? for menu, Esc to quit)
Really abort (and waste the scroll)?
Okay, then.
The adder bites you but does no damage. Duvessa barely misses you.
The orc wizard hits you with a dagger.
* * * LOW HITPOINT WARNING * * *
The orc hits you with a morningstar!
You die...

#.#.........##
#..[.........#.
#..............
#.....g........
####..............
..................
... .......h..§......
...###.....geS.......
............@o@......
............#o)......
.............#.....#.
.............$##...#
........÷.....# ..##
........<.....# ...
..................###
.....>........##..
#............... .


You could see Eustachio, Duvessa (berserk), a gnoll sergeant, a hound, an orc
wizard, a gnoll, an adder and an orc.

Notes
Turn   | Place    | Note
-------+----------+-------------------------------------------
     0 | D:1      | theanonym the Ghoul Monk began the quest for the Orb.
     0 | D:1      | Reached XP level 1. HP: 19/19 MP: 0/0
   217 | D:1      | Reached XP level 2. HP: 25/26 MP: 1/1
   348 | D:1      | Reached skill level 4 in Unarmed Combat
   678 | D:2      | Reached XP level 3. HP: 23/31 MP: 2/2
   896 | D:2      | Reached skill level 5 in Unarmed Combat
   921 | D:2      | You fall through a shaft!
   937 | D:3      | Reached XP level 4. HP: 28/38 MP: 3/3
  1682 | D:3      | Reached skill level 6 in Unarmed Combat
  1823 | D:3      | Found a faded altar of an unknown god.
  1846 | D:3      | Found a burning altar of Makhleb.
  1969 | D:3      | Found a white marble altar of Elyvilon.
  2045 | D:3      | Became a worshipper of Makhleb the Destroyer
  2045 | D:3      | Reached * piety under Makhleb
  2045 | D:3      | Reached ** piety under Makhleb
  2096 | D:4      | Reached XP level 5. HP: 45/45 MP: 4/4
  2353 | D:4      | Found a runed door.
  2571 | D:4      | Reached skill level 7 in Unarmed Combat
  2571 | D:4      | Reached XP level 6. HP: 51/52 MP: 5/5
  2653 | D:4      | Found a hide-covered altar of Uskayaw.
  2654 | D:4      | Found a hazy altar of Hepliaklqana.
  2819 | D:4      | Noticed Crazy Yiuf
  2826 | D:4      | Killed Crazy Yiuf
  2826 | D:4      | Reached skill level 4 in Fighting
  2854 | D:5      | Entered Level 5 of the Dungeon
  2856 | D:5      | Noticed Menkaure
  2862 | D:5      | HP: 20/52 [Menkaure (20)]
  2863 | D:5      | Killed Menkaure
  2863 | D:5      | Reached XP level 7. HP: 27/60 MP: 6/6
  2867 | D:5      | HP: 30/60 [worker ant (4)]
  3011 | D:5      | Noticed Autsider's ghost (amateur GrEE)
  3071 | D:5      | Reached skill level 8 in Unarmed Combat
  3079 | D:5      | Noticed Dowan
  3087 | D:5      | Noticed Duvessa
  3090 | D:5      | Killed Dowan
  3091 | D:5      | Noticed Eustachio
  3094 | D:5      | HP: 27/60 [Duvessa/short sword (7)]
  3098 | D:5      | HP: 13/60 [adder (2)]
  3100 | D:5      | Slain by an orc

Vanquished Creatures
  Menkaure (D:5)
  Dowan (D:5)
  A quasit (D:4)
  Crazy Yiuf (D:4)
  An orc priest (D:3)
  3 hounds (D:4)
  A worker ant (D:5)
  An iguana (D:4)
  A worker ant zombie (D:5)
  4 adders
  An ooze (D:1)
  2 adder skeletons (D:4)
  3 worms
  A dart slug (D:1)
  A leopard gecko (D:3)
  6 orcs
  6 bats (D:2)
  4 giant cockroaches
  5 goblins
  3 hobgoblins
  5 kobolds
  4 quokkas
  8 frilled lizards
  7 rats
71 creatures vanquished.
